 Dungeon Crawl Stone Soup version 0.29.1-4-g47bece8355 (webtiles) character file.

Game seed: 8498195416365585196

35 Hercules1031 the Sneak (level 3, -4/16 HPs)
             Began as a Spriggan Enchanter on Dec 11, 2022.
             Killed by nerve-wracking pain
             ... invoked by Jessica
              (9 damage)
             ... on level 2 of the Dungeon.
             The game lasted 00:04:51 (1501 turns).

Hercules1031 the Sneak (Spriggan Enchanter)         Turns: 1501, Time: 00:04:52

Health: -4/16      AC:  4    Str:  6    XL:     3   Next: 16%
Magic:  3/8        EV: 17    Int: 16    God:
Gold:   55         SH:  0    Dex: 15    Spells: 6/8 levels left

rFire   . . .      SeeInvis +   a - +1 dagger
rCold   . . .      Faith    .   (no shield)
rNeg    . . .      Spirit   .   b - +0 robe
rPois   .          Reflect  .   i - +1 hat
rElec   .          Harm     .   j - +0 cloak
rCorr   .          Rampage  .   (gloves unavailable)
Will    .....                   (boots unavailable)
Stlth   +++.......              (no amulet)
HPRegen 0.05/turn               (no ring)
MPRegen 0.11/turn               (no ring)

@: very quick
A: very small, no large weapons, unfitting armour, see invisible, speed 3
a: no special abilities


You were on level 2 of the Dungeon.
You visited 1 branch of the dungeon, and saw 2 of its levels.

You collected 55 gold pieces.

Inventory:

Hand Weapons
 a - a +1 dagger (weapon)
Armour
 b - a +0 robe (worn)
 i - a +1 hat (worn)
 j - a +0 cloak (worn)
Scrolls
 d - 2 scrolls of identify {unknown}
 g - a scroll of immolation {unknown}
 h - a scroll of torment {unknown}
Potions
 c - 2 potions of invisibility
 e - 2 potions of heal wounds {unknown}
 f - a potion of might {unknown}
 k - a potion of brilliance {unknown}


   Skills:
 + Level 1.7 Short Blades
 + Level 3.2 Dodging
 + Level 5.0 Stealth
 + Level 3.1 Spellcasting
 + Level 4.0 Hexes


You had 6 spell levels left.
You knew the following spells:

 Your Spells              Type           Power      Damage    Failure   Level
a - Ensorcelled Hibernat  Hex/Ice        16%        N/A       12%         2

Your spell library contained the following spells:

 Spells                   Type           Power      Damage    Failure   Level
 Confusing Touch          Hex            15%        N/A       11%         3
 Tukima's Dance           Hex            15%        N/A       11%         3
 Dazzling Flash           Conj/Hex       16%        N/A       24%         3
 Passwall                 Tmut/Erth      1%         N/A       28%         2
 Swiftness                Air            2%         N/A       50%         3


Dungeon Overview and Level Annotations

Branches:
Dungeon (2/15)

Altars:

Annotations:
D:2 Jessica


Innate Abilities, Weirdness & Mutations

You are very small and have problems with some larger weapons.
You are too small for most types of armour.
You have supernaturally acute eyesight. (SInv)
You cover ground extremely quickly. (Speed+++)


Message History

Unknown command.
Casting: Ensorcelled Hibernation (safe; 12% risk of failure)
Confirm with . or Enter, or press ? or * to list all spells.
You don't know that spell.
You hit Jessica.
Jessica is lightly wounded.
Jessica closely misses you.
You hit Jessica but do no damage.
Jessica is lightly wounded.
Jessica mumbles some strange words.
Jessica blinks!
Casting: Ensorcelled Hibernation (safe; 12% risk of failure)
Confirm with . or Enter, or press ? or * to list all spells.
Aiming: Ensorcelled Hibernation (safe; 12% risk of failure)
Press: ? - help, Shift-Dir - straight line, f/p - Jessica
Aim: Jessica, wielding a +0 dagger and wearing a +1 robe of willpower (lightly wounded, chance to affect: 18%) Jessica resists with almost no effort.
Jessica misses you.
You closely miss Jessica.
Jessica is lightly wounded.
Jessica hits you with a +0 dagger.
You barely miss Jessica.
Jessica is lightly wounded.
Jessica hits you with a +0 dagger.
You hit Jessica.
Jessica is heavily wounded.
Jessica mumbles some strange words.
Jessica seems to speed up.
Your magical contamination has completely faded away.
You hit Jessica.
Jessica is heavily wounded.
Jessica completely misses you.
You hit Jessica but do no damage.
Jessica is heavily wounded.
Jessica hits you with a +0 dagger.
You hit Jessica.
Jessica is almost dead.
Jessica casts a spell at you. Pain shoots through your body!
Ouch! That really hurt!
You die...

....###..# ##......
##.......#########.#.
#......
#...........)........
.......##
...###.........###.#
####...# ##
####..........# #....
##.........### ...#..
##..........# ....###
#.......##.###....#
#...>@@...........
#.......##.####
#......)# #.......#
#######... #....
...... ##....


You could see Jessica (fast).

Vanquished Creatures
  An adder (D:2)
  A dart slug (D:1)
  3 ball pythons
  2 endoplasms (D:1)
  2 giant cockroaches
  A goblin (D:1)
  A hobgoblin (D:2)
  A quokka (D:1)
  4 bats (D:1)
  A frilled lizard (D:1)
  2 kobolds (D:1)
  5 rats
24 creatures vanquished.

Vanquished Creatures (others)
  A withered plant (D:1)
1 creature vanquished.

Grand Total: 25 creatures vanquished

Notes
Turn   | Place    | Note
-------+----------+-------------------------------------------
     0 | D:1      | Hercules1031 the Spriggan Enchanter began the quest for the
                  | Orb.
     0 | D:1      | Reached XP level 1. HP: 9/9 MP: 5/5
    16 | D:1      | Found a faded altar of an unknown god.
   304 | D:1      | Reached XP level 2. HP: 5/13 MP: 6/6
   646 | D:1      | Learned a level 2 spell: Ensorcelled Hibernation
  1263 | D:2      | Reached XP level 3. HP: 16/16 MP: 1/8
  1439 | D:2      | Reached skill level 5 in Stealth
  1485 | D:2      | Noticed Jessica
  1501 | D:2      | Killed from afar by Jessica

Illustrated notes

Levels and vault maps discovered:
D:1:      ncdulo_lavacross, layout_basic, ebering_ecumenical_altar_petrified
D:2:      cheibrodos_old_hovel, layout_rooms, minmay_hexomino_r4, uniq_jessica

Skill      XL: |  1  2  3 |
---------------+----------+-----
Dodging        | 3 |  3.2
Spellcasting   | 3 |  3.1
Hexes          | 4 |  4.0
Stealth        | 5 |  5.0
Short Blades   | |  1.7

Action                   || total
-------------------------++-------
Melee: Dagger            ||    72
       Punch             ||     1
 Cast: Ensorcelled Hiber ||    14
 Stab: Sleeping          ||    10
       Distracted        ||     1
Armor: Robe              ||     9
Dodge: Dodged            ||    58
